 Dungeon Crawl Stone Soup version 0.19.5 (webtiles) character file.

915 Mesmaeker13 the Covert (level 7, -4/49 HPs)
             Began as a Vampire Assassin on Apr 9, 2017.
             Was an Initiate of Ashenzari.
             Killed from afar by an orc wizard (7 damage)
             ... with a magic dart
             ... on level 5 of the Dungeon.
             The game lasted 00:15:17 (6002 turns).

Mesmaeker13 the Covert (Vampire Assassin)           Turns: 6002, Time: 00:15:18

Health: -4/49      AC:  3    Str: 10    XL:     7   Next: 82%
Magic:  7/7        EV: 15    Int: 15    God:    Ashenzari [......]
Gold:   149        SH: 10    Dex: 16    Spells: 0 memorised, 6 levels left

rFire  + . .     SeeInvis +     a - +5 dagger
rCold  + . .     Gourm    .     c - +0 robe
rNeg   + + .     Faith    .     r - +2 buckler
rPois  +         Spirit   .     (no helmet)
rElec  .         Reflect  +     d - +0 cloak (curse)
rCorr  .         Harm     .     (no gloves)
MR     .....                    (no boots)
Stlth  +++++.....               C - +5 amulet of reflection
                                v - ring of protection from cold
                                o - ring of fire (curse)

@: regenerating slowly
A: fangs 3, see invisible, unbreathing
a: Bat Form, Curse Item, Renounce Religion


You were on level 5 of the Dungeon.
You worshipped Ashenzari.
Ashenzari was noncommittal.
You were thirsty.

You visited 2 branches of the dungeon, and saw 7 of its levels.

You collected 149 gold pieces.

Inventory:

Hand Weapons
 a - a +5 dagger (weapon)
 b - a +0 blowgun
Missiles
 e - 23 poisoned needles
 t - 4 needles of frenzy
 y - a curare-tipped needle
Armour
 c - a +0 robe (worn)
 d - a cursed +0 cloak (worn)
 r - a +2 buckler (worn)
 u - the +5 ring mail of the Townfolk {MR+}
   (You found it on level 4 of the Dungeon)

   It affects your resistance to hostile enchantments.
Jewellery
 o - a cursed ring of fire (left hand)
 v - a ring of protection from cold (right hand)
 C - a +5 amulet of reflection (around neck)
Wands
 w - a wand of iceblast (0/15)
 x - a wand of flame (19/48)
 E - a wand of lightning (0/15)
Scrolls
 h - a scroll of immolation {unknown}
 k - a scroll of amnesia
 l - 2 scrolls of teleportation
 n - a scroll of blinking
 p - a scroll of remove curse
 A - a scroll of enchant armour {unknown}
 D - a scroll of recharging {unknown}
Potions
 f - a potion of curing {unknown}
 g - 10 potions of blood
 i - 2 potions of heal wounds
 j - a potion of ambrosia
 m - a potion of brilliance
 q - a potion of flight
 z - a potion of might {unknown}
 B - a potion of haste {unknown}
Books
 s - a book of Maledictions

   Spells                             Type                      Level
   a - Corona                         Hexes                        1
   b - Ensorcelled Hibernation        Hexes/Ice                    2
   c - Confuse                        Hexes                        3
   d - Tukima's Dance                 Hexes                        3
   e - Dazzling Spray                 Conjuration/Hexes            3


   Skills:
 - Level 1.7 Fighting
 + Level 6.3 Short Blades
 - Level 1.5 Throwing
 + Level 5.5 Dodging
 + Level 9.6 Stealth


You had 6 spell levels left.
You didn't know any spells.

Dungeon Overview and Level Annotations

Branches:
Dungeon (6/15)             Temple (1/1) D:5

Altars:
Ashenzari
Cheibriados
Dithmenos
Elyvilon
Fedhas
Gozag
Hepliaklqana
Kikubaaqudgha
Makhleb
Nemelex Xobeh
Okawaru
Qazlal
Ru
Sif Muna
Trog
Uskayaw
Vehumet
Xom
Yredelemnul
Zin

Annotations:
D:3 Lucio's ghost, amateur VSCj
D:6 Haldmier's ghost, novice HESk


Innate Abilities, Weirdness & Mutations

You heal slowly.
You have razor-sharp teeth.
You have supernaturally acute eyesight. (SInv)
You can survive without breathing.


Message History

You climb upwards.
The ghost fades into the shadows.
Haldmier's ghost disappears!
There is a stone staircase leading down here.
Evoke which item? (* to show all) (? for menu, Esc to quit)
Zapping:
w - a wand of iceblast {zapped: 7} (will waste charges)
Press: ? - help, Shift-Dir - straight line That beam is likely to hit you.
Continue anyway?
The mass of ice explodes!
The iceblast engulfs the orc wizard.
The orc wizard is severely wounded.
The iceblast engulfs the orc wizard.
The orc wizard is severely wounded.
The iceblast engulfs you! You partially resist.
* * * LOW HITPOINT WARNING * * *
Evoking this partially-identified wand wasted a few charges.
The orc wizard points at you and mumbles some strange words.
The magic dart hits you!
* * * LOW HITPOINT WARNING * * *
The orc wizard casts a spell at you. The magic dart hits you!
You die...

#..####....รท....#.# #.#
.#.+........#...#.# #.#
..####..'...#...#.#####.##
...##..#'#..##....%......#
...#..##.##..#.#...#######
.....##.8.##.......#
#+#.##.....##.[....#####
#..##...'...##..oo.....#
#..#...#'#...#.#@#.###.#
#..'8.##.##.8'.#.#.....#
#..#.##...##.#.#.#######
#..###.....###.#.#
#..##....#..##.#.#
##.#..#.##...#...#
#...##.##.#...###
######.##.##### #.##.#


You could see 2 orc wizards.

Vanquished Creatures
  A phantom (D:5)
  3 ogres (D:4)
  A scorpion (D:5)
  A howler monkey (D:4)
  A bullfrog zombie (D:5)
  A jelly (D:1)
  4 orc wizards (D:5)
  An orc priest (D:5)
  4 worker ants
  4 adders
  5 oozes
  An adder skeleton (D:4)
  2 worms
  2 dart slugs
  3 leopard geckos
  15 orcs
  5 giant cockroaches
  7 goblins
  10 hobgoblins
  12 jackals
  4 kobolds
  4 quokkas
  A ball python (D:2)
  9 bats
  6 frilled lizards
  7 rats
  2 butterflies (D:5)
116 creatures vanquished.

Notes
Turn   | Place    | Note
-------+----------+-------------------------------------------
     0 | D:1      | Mesmaeker13 the Vampire Assassin began the quest for the Orb.
     0 | D:1      | Reached XP level 1. HP: 16/16 MP: 1/1
     1 | D:1      | Found a runed door.
     5 | D:1      | Noticed a jelly
    56 | D:1      | Reached skill level 6 in Stealth
   172 | D:1      | Found an iron altar of Okawaru.
   178 | D:1      | Reached XP level 2. HP: 22/22 MP: 2/2
   864 | D:2      | Reached XP level 3. HP: 21/27 MP: 3/3
   943 | D:2      | Found a blossoming altar of Fedhas.
  1675 | D:2      | Found a faded altar of an unknown god.
  1788 | D:3      | Noticed Lucio's ghost (amateur VSCj)
  2341 | D:3      | Reached XP level 4. HP: 29/33 MP: 4/4
  2764 | D:4      | Found a sacrificial altar of Ru.
  2764 | D:4      | Found a hazy altar of Hepliaklqana.
  2765 | D:4      | Found a shadowy altar of Dithmenos.
  2873 | D:4      | Got an ancient ring mail
  2962 | D:4      | Noticed an ogre
  2996 | D:4      | Reached skill level 7 in Stealth
  2996 | D:4      | Reached XP level 5. HP: 23/38 MP: 5/5
  3183 | D:4      | Killed an ogre
  3346 | D:4      | Reached XP level 6. HP: 44/44 MP: 6/6
  3373 | D:4      | Reached skill level 5 in Short Blades
  3373 | D:4      | Reached skill level 8 in Stealth
  4427 | D:5      | Entered Level 5 of the Dungeon
  4435 | D:5      | Reached XP level 7. HP: 49/49 MP: 7/7
  4626 | D:5      | Found a staircase to the Ecumenical Temple.
  4635 | Temple   | Entered the Ecumenical Temple
  4807 | Temple   | Became a worshipper of Ashenzari the Shackled
  5030 | D:5      | Found a glowing silver altar of Zin.
  5124 | D:5      | Reached skill level 9 in Stealth
  5290 | D:5      | Reached skill level 5 in Dodging
  5484 | D:5      | Found a shimmering altar of Xom.
  5985 | D:6      | Noticed Haldmier's ghost (novice HESk)
  6002 | D:5      | Killed from afar by an orc wizard

Skill      XL: |  1  2  3  4  5  6  7 |
---------------+----------------------+-----
Stealth        | 6 7 8 9 |  9.6
Short Blades   | 3 4 5 6 |  6.3
Dodging        | 2 3 4 5 |  5.5
Fighting       | |  1.7
Throwing       | |  1.5

Action                   |  1- 3 |  4- 6 |  7- 9 || total
-------------------------+-------+-------+-------++-------
Melee: Dagger            |   169 |   122 |   133 ||   424
       Bite              |    13 |    13 |     9 ||    35
 Fire: Blowgun           |    12 |    21 |    16 ||    49
Invok: Curse Item        |       |       |     1 ||     1
Evoke: Wand              |       |       |     8 ||     8
  Use: Scroll            |     6 |     4 |     1 ||    11
       Potion            |     1 |     6 |       ||     7
 Stab: Sleeping          |     8 |     3 |     1 ||    12
       Distracted        |       |     1 |       ||     1
  Eat: Corpse            |     2 |     3 |     1 ||     6
Armor: Robe              |    48 |     9 |    16 ||    73
Dodge: Dodged            |   121 |    44 |    65 ||   230
Block: Buckler           |     3 |    21 |    26 ||    50
